 Dungeon Crawl Stone Soup version 0.20.0-7-g3b7b877 (webtiles) character file.

11326 JeffiDaFish the Basher (level 11, -8/69 HPs)
             Began as a Gargoyle Fighter on May 29, 2017.
             Was a High Priest of Okawaru.
             Killed by divine providence
             ... invoked by an orc priest
              (11 damage)
             ... on level 10 of the Dungeon.
             The game lasted 00:26:47 (11017 turns).

JeffiDaFish the Basher (Gargoyle Fighter)          Turns: 11017, Time: 00:26:48

Health: -8/69      AC: 27    Str: 24    XL:     11   Next: 76%
Magic:  11/11      EV:  8    Int:  9    God:    Okawaru [*****.]
Gold:   603        SH: 14    Dex: 16    Spells: 10/10 levels left

rFire    . . .     SeeInvis .   v - +1 morningstar
rCold    . . .     Gourm    .   w - +1 shield "Plog" {Str+4}
rNeg     + . .     Faith    .   s - +0 plate armour
rPois    ∞         Spirit   .   u - +0 helmet (curse)
rElec    +         Reflect  .   q - +2 cloak
rCorr    .         Harm     .   r - +0 pair of gloves
MR       +....                  (no boots)
Stlth    ..........             t - amulet of rage
Regen    0.3/turn               (no ring)
MPRegen  0.2/turn               (no ring)

@: no status effects
A: agile 2, magic resistance 1, negative energy resistance 1, electricity
resistance, unbreathing, petrification resistance, rot immunity, AC +7
a: Heroism, Finesse, Renounce Religion, Evoke Berserk Rage


You were on level 10 of the Dungeon.
You worshipped Okawaru.
Okawaru was extremely pleased with you.
You were not hungry.

You visited 2 branches of the dungeon, and saw 11 of its levels.

You collected 603 gold pieces.

Inventory:

Hand Weapons
 v - a +1 morningstar (weapon)
Armour
 q - a +2 cloak (worn)
 r - a +0 pair of gloves (worn)
 s - a +0 plate armour (worn)
 u - a cursed +0 helmet (worn)
 w - the +1 shield "Plog" (worn) {Str+4}
   (You found it on level 8 of the Dungeon)

   It affects your strength (+4).
Jewellery
 t - an amulet of rage (around neck)
Wands
 m - a wand of scattershot (5/9)
 o - a wand of clouds (2/9)
Scrolls
 e - 3 scrolls of recharging
 g - 2 scrolls of amnesia
 i - 3 scrolls of teleportation
 j - 7 scrolls of remove curse
 k - 4 scrolls of identify
Potions
 d - a potion of curing
 h - 3 potions of resistance
 x - a potion of invisibility
 z - a potion of might
Books
 b - a book of Minor Magic

   Spells                             Type                      Level
   a - Magic Dart                     Conjuration                  1
   b - Blink                          Translocation                2
   c - Call Imp                       Summoning                    2
   d - Slow                           Hexes                        2
   e - Conjure Flame                  Conjuration/Fire             3
   f - Mephitic Cloud                 Conjuration/Poison/Air       3
Comestibles
 f - 8 bread rations
 l - 8 royal jellies
 n - 4 meat rations
 p - 2 fruits


   Skills:
 + Level 8.5 Fighting
 + Level 11.6 Maces & Flails
 + Level 8.0 Armour
 + Level 3.1 Dodging
 + Level 1.0 Stealth
 + Level 10.9 Shields


You had 10 spell levels left.
You didn't know any spells.

Dungeon Overview and Level Annotations

Branches:
Dungeon (10/15)            Temple (1/1) D:7            Lair (0/6) D:10
    Orc: D:9-12

Altars:
Ashenzari
Cheibriados
Dithmenos
Elyvilon
Fedhas
Gozag
Hepliaklqana
Kikubaaqudgha
Makhleb
Nemelex Xobeh
Okawaru
Qazlal
Ru
Sif Muna
Trog
Uskayaw
Vehumet
Xom
Yredelemnul
Zin
The Shining One
Beogh

Shops:
D:4 :   D:10 (:%


Innate Abilities, Weirdness & Mutations

You are resistant to torment.
Your stone body is resilient. (AC +7)
You are immune to poison.
You resist negative energy. (rN+)
You are resistant to electric shocks. (rElec)
You can survive without breathing.
You are immune to petrification.
You are immune to rotting.
You are very agile. (Dex +4)
You are resistant to hostile enchantments. (MR+)


Message History

Okawaru accepts your kill.
Your Armour skill increases to level 8!
The orc priest mumbles some strange prayers to Beogh against you.
Beogh smites you!
* * * LOW HITPOINT WARNING * * *
You sock the orc wizard!
The orc wizard is almost dead.
You block the orc wizard's attack.
You puncture the orc wizard!
You kill the orc wizard!
Okawaru accepts your kill.
The orc priest calls down the wrath of Beogh upon you.
Beogh smites you!
* * * LOW HITPOINT WARNING * * *
You sock the orc!
You kill the orc!
Okawaru accepts your kill.
The orc priest calls down the wrath of Beogh upon you.
Beogh smites you!
You die...

.# #.# .# #.###.#
## #.# # #.# #.#
#.# #.# #.# #.# #.#
#.# #.# #.# #.#
##### #.## #.# #.#
....# ...# ..# #.#
###.#
#.Y###########.#
#o)@..........#
#.....#############
..... #... . ..# #
#


You could see a yak and an orc priest.

Vanquished Creatures
  The ghost of Docmaja the Fighter, a novice HOMo of Beogh (D:10)
  3 two-headed ogres
  The ghost of SirKenneth the Destroyer, a novice DEFE of Sif Muna (D:9)
  The ghost of tizzy the Cleaver, a novice DsFi of Makhleb (D:8)
  Grinder (D:4)
  12 yaks
  A human (D:7)
  2 hogs (D:7)
  4 wargs (D:10)
  A water moccasin (D:9)
  A sky beast (D:5)
  7 orc warriors
  2 ice beasts
  3 phantoms
  4 ogres
  A necrophage (D:10)
  A centaur (D:6)
  2 big kobolds
  4 bullfrogs
  3 scorpions
  16 killer bees
  9 wights
  6 crimson imps
  A bullfrog zombie (D:7)
  A quasit (D:9)
  6 orc priests
  A jelly (D:6)
  3 hounds
  A centaur skeleton (D:6)
  12 orc wizards
  An iguana (D:8)
  10 worker ants
  2 killer bee zombies
  A worker ant zombie (D:7)
  4 gnolls
  11 adders
  A shadow imp (D:8)
  2 adder skeletons
  A worm (D:3)
  2 dart slugs
  4 leopard geckos
  61 orcs
  3 giant cockroaches
  7 goblins
  7 hobgoblins
  9 jackals
  4 quokkas
  7 bats
  8 frilled lizards
  15 kobolds
  A leopard gecko zombie (D:8)
  5 rats
277 creatures vanquished.

Vanquished Creatures (others)
  An orc wizard (D:5)
1 creature vanquished.

Grand Total: 278 creatures vanquished

Notes
Turn   | Place    | Note
-------+----------+-------------------------------------------
     0 | D:1      | JeffiDaFish the Gargoyle Fighter began the quest for the Orb.
     0 | D:1      | Reached XP level 1. HP: 14/14 MP: 1/1
    77 | D:1      | Reached XP level 2. HP: 19/19 MP: 2/2
   679 | D:2      | Reached XP level 3. HP: 9/24 MP: 3/3
  1166 | D:2      | Reached XP level 4. HP: 29/29 MP: 4/4
  1243 | D:2      | Reached skill level 3 in Maces & Flails
  1794 | D:3      | Reached XP level 5. HP: 28/33 MP: 5/5
  2224 | D:4      | Noticed an ogre
  2235 | D:4      | Killed an ogre
  2236 | D:4      | Reached skill level 4 in Maces & Flails
  2236 | D:4      | Reached XP level 6. HP: 29/38 MP: 6/6
  2463 | D:4      | Noticed Grinder
  2463 | D:4      | Noticed a phantom
  2487 | D:4      | Paralysed by Grinder for 4 turns
  2511 | D:4      | Paralysed by Grinder for 4 turns
  2525 | D:4      | Paralysed by Grinder for 4 turns
  2530 | D:4      | Killed Grinder
  2530 | D:4      | Reached skill level 5 in Maces & Flails
  2530 | D:4      | Reached skill level 1 in Dodging
  2530 | D:4      | Reached skill level 5 in Shields
  2530 | D:4      | Reached XP level 7. HP: 17/44 MP: 7/7
  3227 | D:4      | Found a hide-covered altar of Uskayaw.
  3266 | D:4      | Found a stormy altar of Qazlal.
  3267 | D:4      | Found a shadowy altar of Dithmenos.
  3272 | D:4      | Found a blossoming altar of Fedhas.
  3693 | D:4      | Found Istunic's Book Shop.
  3753 | D:5      | Entered Level 5 of the Dungeon
  3941 | D:5      | Gained mutation: You are resistant to hostile enchantments. (MR+) [potion of mutation]
  3941 | D:5      | Gained mutation: You are agile. (Dex +2) [potion of mutation]
  3941 | D:5      | Gained mutation: You are very agile. (Dex +4) [potion of mutation]
  4059 | D:5      | Reached skill level 5 in Fighting
  4059 | D:5      | Reached skill level 6 in Maces & Flails
  4059 | D:5      | Reached XP level 8. HP: 46/49 MP: 8/8
  4668 | D:6      | Reached skill level 5 in Armour
  5237 | D:6      | Reached skill level 7 in Maces & Flails
  5256 | D:6      | Reached XP level 9. HP: 54/55 MP: 9/9
  5636 | D:6      | Found a sacrificial altar of Ru.
  5891 | D:6      | Reached skill level 1 in Stealth
  6166 | D:7      | Found a glowing silver altar of Zin.
  6166 | D:7      | Found a sparkling altar of Nemelex Xobeh.
  6325 | D:7      | Found a staircase to the Ecumenical Temple.
  6336 | Temple   | Entered the Ecumenical Temple
  6372 | Temple   | Became a worshipper of Warmaster Okawaru
  6570 | D:7      | Reached * piety under Okawaru
  6581 | D:7      | Reached skill level 8 in Maces & Flails
  7439 | D:8      | Reached XP level 10. HP: 51/61 MP: 10/10
  7446 | D:8      | Reached ** piety under Okawaru
  7547 | D:8      | Noticed tizzy's ghost (novice DsFi)
  7587 | D:8      | Killed tizzy's ghost
  7587 | D:8      | Reached skill level 9 in Maces & Flails
  8207 | D:8      | Reached *** piety under Okawaru
  8381 | D:8      | Got a twisted shield
  8392 | D:8      | Identified the +1 shield "Plog" {Str+4} (You found it on level 8 of the Dungeon)
  8487 | D:8      | Noticed a two-headed ogre
  8504 | D:8      | Killed a two-headed ogre
  8504 | D:8      | Reached **** piety under Okawaru
  8504 | D:8      | Reached skill level 10 in Maces & Flails
  8972 | D:9      | Noticed a two-headed ogre
  8996 | D:9      | Killed a two-headed ogre
  8996 | D:9      | Reached XP level 11. HP: 46/67 MP: 11/11
  9140 | D:9      | Found a shimmering altar of Xom.
  9525 | D:9      | Found a roughly hewn altar of Beogh.
  9536 | D:9      | Reached skill level 10 in Shields
  9799 | D:9      | Reached ***** piety under Okawaru
  9827 | D:9      | Found an ancient bone altar of Kikubaaqudgha.
  9879 | D:9      | Noticed SirKenneth's ghost (novice DEFE)
  9892 | D:9      | Killed SirKenneth's ghost
 10005 | D:9      | Noticed a two-headed ogre
 10051 | D:9      | Killed a two-headed ogre
 10051 | D:9      | Reached skill level 11 in Maces & Flails
 10427 | D:9      | Received a gift from Okawaru
 10463 | D:10     | Entered Level 10 of the Dungeon
 10502 | D:10     | Found Giraes's Weapon Boutique.
 10581 | D:10     | Noticed Docmaja's ghost (novice HOMo)
 10644 | D:10     | Found a staircase to the Lair.
 10806 | D:10     | Killed Docmaja's ghost
 10812 | D:10     | Found Paeg's Book Shop.
 10950 | D:10     | Found Rinid's Food Boutique.
 11016 | D:10     | HP: 2/69 [orc priest/divine providence (14)]
 11017 | D:10     | Killed from afar by an orc priest

Skill      XL: |  1  2  3  4  5  6  7  8  9 10 11 |
---------------+----------------------------------+-----
Maces & Flails | 3 4 5 6 7 8 10 11 | 11.6
Shields        | 4 5 6 8 9 10 | 10.9
Fighting       | 4 5 6 7 8 |  8.5
Armour         | 4 5 6 7 8 |  8.0
Dodging        | 1 2 3 |  3.1
Stealth        | 1 |  1.0

Action                   |  1- 3 |  4- 6 |  7- 9 | 10-12 || total
-------------------------+-------+-------+-------+-------++-------
Melee: Flail             |   177 |   119 |   534 |   239 ||  1069
       Morningstar       |       |       |       |   374 ||   374
  Use: Potion            |     5 |     6 |     5 |     1 ||    17
       Scroll            |     5 |     3 |     6 |     7 ||    21
  Eat: Chunk             |     1 |     5 |    16 |    13 ||    35
Armor: Scale mail        |   156 |    50 |   218 |       ||   424
       Plate armour      |       |       |    35 |   301 ||   336
Dodge: Dodged            |    82 |    37 |   156 |   118 ||   393
Block: Shield            |   133 |    63 |   339 |   416 ||   951
